 Dungeon Crawl Stone Soup version 0.24.0-2-g5b39cebb1c (webtiles) character file.

Game seed: 15210771942632038884, levelgen mode: deterministic

66 Esekla the Slasher (level 3, 0/22 HPs)
             Began as a Deep Elf Abyssal Knight on Oct 31, 2019.
             Was a Believer of Lugonu.
             Slain by an adder (4 damage)
             ... on level 2 of the Dungeon.
             The game lasted 00:19:50 (2040 turns).

Esekla the Slasher (Deep Elf Abyssal Knight)        Turns: 2040, Time: 00:19:50

Health: 0/22       AC:  5    Str:  9    XL:     3   Next: 96%
Magic:  15/15      EV: 12    Int: 16    God:    Lugonu [**....]
Gold:   114        SH:  0    Dex: 15    Spells: 2/2 levels left

rFire    . . .     SeeInvis .   a - +1 falchion
rCold    . . .     Gourm    .   (no shield)
rNeg     . . .     Faith    .   b - +0 leather armour
rPois    .         Spirit   .   f - +0 helmet
rElec    .         Reflect  .   (no cloak)
rCorr    .         Harm     .   q - +0 pair of gloves
MR       .....                  (no boots)
Stlth    ++........             (no amulet)
HPRegen  0.07/turn              d - ring of magical power
MPRegen  0.14/turn              (no ring)

@: lethally poisoned (0 -> -2)
A: no striking features
a: Depart the Abyss, Bend Space, Renounce Religion


You were on level 2 of the Dungeon.
You worshipped Lugonu.
Lugonu was pleased with you.
You were hungry.

You visited 1 branch of the dungeon, and saw 2 of its levels.
You visited the Abyss 1 time.

You collected 114 gold pieces.

Inventory:

Hand Weapons
 a - a +1 falchion (weapon)
 s - a +0 dagger
 t - a +0 spear
Missiles
 i - 14 poisoned darts (quivered)
 n - 8 datura-tipped darts
Armour
 b - a +0 leather armour (worn)
 f - a +0 helmet (worn)
 q - a +0 pair of gloves (worn)
Jewellery
 d - a ring of magical power (left hand)
Scrolls
 j - a scroll of remove curse {unknown}
 k - a scroll of enchant armour {unknown}
 l - 2 scrolls of enchant weapon {unknown}
 m - 2 scrolls of identify
 o - a scroll of teleportation {unknown}
 p - a scroll of fog {unknown}
Potions
 e - 2 potions of agility
 h - a potion of heal wounds
 r - a potion of mutation
 u - a potion of haste {unknown}
Comestibles
 c - 6 rations


   Skills:
 - Level 2.4 Fighting
 * Level 3.1 Long Blades
 + Level 1.1 Armour
 + Level 2.8 Dodging
 * Level 1.6 Stealth
 + Level 2.2 Invocations


You had 2 spell levels left.
You didn't know any spells.
Your spell library was empty.

Dungeon Overview and Level Annotations

Branches:
Dungeon (2/15)

Altars:
The Shining One


Message History

The adder is moderately wounded.
You hit the adder.
The adder is almost dead.
The adder barely misses you.
You riposte.
You hit the adder.
The adder is moderately wounded.
The adder bites you but does no damage. The adder closely misses you.
You hit the adder.
You kill the adder!
Lugonu accepts your kill.
You can now bend space around yourself.
The adder closely misses you.
You barely miss the adder.
The adder is moderately wounded.
The adder bites you but does no damage. The adder bites you.
* * * LOW HITPOINT WARNING * * *
You are poisoned.
The adder poisons you!
You miss the adder.
The adder is moderately wounded.
You feel sick. The adder bites you.
You die...

(..[####.######........#
.. ######...# ........#
# # ###.######.
(.......# ####..........
#........ .......#
###).......
.#..#..#######...(.#
.#..#....<......g###
.#..#.##########S#
.)....# #@# ##..###
#....._.. #### ###......
#..... #...# #.## ... ##


You could see an adder and a hobgoblin.

Vanquished Creatures
  2 adders (D:2)
  2 worms (D:2)
  2 dart slugs (D:1)
  A leopard gecko (D:1)
  3 giant cockroaches (D:1)
  4 goblins
  7 hobgoblins
  A quokka (D:2)
  2 ball pythons
  3 bats
  2 frilled lizards
  6 kobolds
  3 rats
38 creatures vanquished.

Notes
Turn   | Place    | Note
-------+----------+-------------------------------------------
     0 | Abyss:1  | Esekla the Deep Elf Abyssal Knight began the quest for the
                  | Orb.
     0 | Abyss:1  | Reached XP level 1. HP: 13/13 MP: 4/4
    71 | Abyss:1  | Noticed a starcursed mass
    83 | Abyss:1  | Noticed a ynoxinul
    89 | Abyss:1  | Noticed a hell hound
    90 | D:1      | Escaped the Abyss
   191 | D:1      | Reached * piety under Lugonu
   251 | D:1      | Reached skill level 2 in Long Blades
   494 | D:1      | Reached XP level 2. HP: 16/18 MP: 5/5
   662 | D:1      | Reached skill level 1 in Armour
   831 | D:1      | Reached skill level 1 in Stealth
  1475 | D:2      | Reached XP level 3. HP: 14/22 MP: 6/6
  1949 | D:2      | Reached skill level 3 in Long Blades
  2026 | D:2      | Found a glowing golden altar of the Shining One.
  2038 | D:2      | Reached ** piety under Lugonu
  2040 | D:2      | Slain by an adder

Levels and vault maps discovered:
D:1:      erik_arrival_cave_to_civilisation [erik_arrival_cave_to_hall],
          layout_basic
D:2:      layout_rooms, lemuel_round_altar, first_ration, minmay_tromino_i2,
          uniq_terence

Skill      XL: |  1  2  3 |
---------------+----------+-----
Long Blades    | 2 3 |  3.1
Armour         | 1 |  1.1
Stealth        | 1 |  1.6
Fighting       | |  2.4
Dodging        | |  2.8
Invocations    | |  2.2

Action                   || total
-------------------------++-------
Melee: Falchion          ||   122
Throw: Dart              ||    14
Invok: Depart the Abyss  ||     1
  Use: Scroll            ||     3
       Potion            ||     1
 Stab: Sleeping          ||     1
  Eat: Chunk             ||     3
Armor: Leather armour    ||    39
Dodge: Dodged            ||    84
       Rpst.: Falchion   ||    23
